 Dungeon Crawl Stone Soup version 0.27.1-3-gb3d3a73c9e (webtiles) character file.

Game seed: 5206910202259467840

46 aloishallab the Chopper (level 3, 0/31 HPs)
             Began as a Draconian Monk on Oct 29, 2021.
             Slain by an orc (4 damage)
             ... on level 2 of the Dungeon.
             The game lasted 00:02:24 (1830 turns).

aloishallab the Chopper (Draconian Monk)            Turns: 1830, Time: 00:02:24

Health: 0/31       AC:  5    Str: 14    XL:     3   Next: 44%
Magic:  4/4        EV: 13    Int: 10    God:
Gold:   57         SH:  0    Dex: 13    Spells: 4/4 levels left

rFire    . . .     SeeInvis .   a - +0 hand axe
rCold    . . .     Faith    .   (no shield)
rNeg     . . .     Spirit   .   (armour unavailable)
rPois    .         Reflect  .   (helmet restricted)
rElec    .         Harm     .   (no cloak)
rCorr    .         Rampage  .   (no gloves)
Will     .....                  (no boots)
Stlth    +.........             (no amulet)
HPRegen  0.10/turn              (no ring)
MPRegen  0.09/turn              (no ring)

@: confused
A: AC +5, unfitting armour, cold-blooded
a: no special abilities


You were on level 2 of the Dungeon.
You visited 1 branch of the dungeon, and saw 2 of its levels.

You collected 57 gold pieces.

Inventory:

Hand Weapons
 a - a +0 hand axe (weapon)
Scrolls
 b - a scroll of teleportation {unknown}
 d - a scroll of enchant armour {unknown}
Potions
 c - a potion of attraction {unknown}


   Skills:
 - Level 3.2 Fighting
 * Level 3.6 Axes
 * Level 3.3 Dodging
 - Level 1.7 Stealth
 + Level 1.0 Spellcasting


You had 4 spell levels left.
You didn't know any spells.
Your spell library was empty.

Dungeon Overview and Level Annotations

Branches:
Dungeon (2/15)

Altars:


Innate Abilities, Weirdness & Mutations

Your plain brown scales are hard. (AC +5)
You cannot fit into any form of body armour.
You are cold-blooded and may be slowed by cold attacks.


Message History

You barely miss the orc. You barely miss the orc wizard.
The orc hits you but does no damage. x2
The orc wizard hits you but does no damage.
You bump into the rock wall.
The orc misses you.
The orc wizard hits you with a +0 dagger.
The orc hits you but does no damage. The orc barely misses you.
The orc barely misses you.
The orc wizard hits you with a +0 dagger.
You miss the orc. You barely miss the orc wizard. You closely miss the orc.
The orc wizard gestures at you while chanting.
You are more confused.
The orc hits you but does no damage. The orc hits you but does no damage.
The frilled lizard unfolds its giant frill.
The orc closely misses you.
You hit the orc wizard.
The orc wizard is moderately wounded.
You closely miss the orc. You miss the orc.
The orc wizard points at you and mumbles some strange words.
You are more confused.
The orc hits you but does no damage.
A rat comes into view.
The orc hits you with a +0 flail! The orc wizard closely misses you.
The orc wizard hits you with a +0 dagger.
The orc hits you with a +0 flail.
You bump into the rock wall.
The orc hits you but does no damage.
You miss the orc wizard.
The orc wizard is moderately wounded.
You hit the orc but do no damage. You closely miss the orc.
The orc hits you with a +0 club. The orc wizard closely misses you.
The orc hits you with a +0 whip.
You bump into the rock wall.
The orc hits you with a +0 flail!
* * * LOW HITPOINT WARNING * * *
The orc closely misses you.
The orc wizard hits you with a +0 dagger.
* * * LOW HITPOINT WARNING * * *
The orc completely misses you. The orc hits you with a +0 flail.
You die...

#............
............
.........#.
..........
#r.......#
#.........
#lg.......
########oo_....#.
.......@o.o......
#.#######o.......
##.....### #......#
##......#
###.......#
#...#.....#
#############.....#
##<................#


You could see an orc wizard, 4 orcs, a hobgoblin, a frilled lizard and a rat.

Vanquished Creatures
  An adder (D:2)
  A dart slug (D:1)
  3 bats
  6 endoplasms
  4 giant cockroaches (D:1)
  4 goblins (D:1)
  A hobgoblin (D:1)
  6 ball pythons
  2 frilled lizards (D:2)
  A kobold (D:1)
  A rat (D:1)
30 creatures vanquished.

Vanquished Creatures (others)
  9 plants (D:1)
9 creatures vanquished.

Grand Total: 39 creatures vanquished

Notes
Turn   | Place    | Note
-------+----------+-------------------------------------------
     0 | D:1      | aloishallab the Draconian Monk began the quest for the Orb.
     0 | D:1      | Reached XP level 1. HP: 19/19 MP: 1/1
    76 | D:1      | You fall into a shaft and drop 1 floor!
   310 | D:1      | Reached XP level 2. HP: 23/26 MP: 2/2
  1144 | D:1      | Reached XP level 3. HP: 19/31 MP: 4/4
  1779 | D:2      | Reached skill level 1 in Spellcasting
  1800 | D:2      | Found a faded altar of an unknown god.
  1830 | D:2      | Slain by an orc

Illustrated notes

Levels and vault maps discovered:
D:1:      roderic_crop_circles_arrival_small, layout_loops_ring, serial_forest,
          infiniplex_forest_zigzag_1, infiniplex_forest_clump_small,
          infiniplex_forest_split, infiniplex_forest_corner_2,
          infiniplex_forest_clump_small, infiniplex_forest_clump_medium,
          infiniplex_forest_clump_small, infiniplex_forest_zigzag_1,
          infiniplex_forest_straight_3, infiniplex_forest_zigzag_1,
          palyth_stone_intersect
D:2:      layout_rooms, serial_aquarium, aquarium_bridge_island_large
          [aquarium_subvault_large_4_pools, aquarium_subvault_wall,
          aquarium_subvault_bridge, aquarium_subvault_bridge,
          aquarium_subvault_bridge], aquarium_window_3, aquarium_window_2,
          aquarium_window_corner, aquarium_window_fake, aquarium_view_2c,
          basic_ecumenical_altar, kennysheep_doodads, minmay_splitting_lines,
          nrook_loot_triangle, chequers_decorated_corner

Skill      XL: |  1  2  3 |
---------------+----------+-----
Dodging        | 3 |  3.3
Spellcasting   | 1 |  1.0
Fighting       | |  3.2
Axes           | |  3.6
Stealth        | |  1.7

Action                   || total
-------------------------++-------
Melee: Hand axe          ||   110
       Tailslap          ||    11
 Stab: Sleeping          ||     3
Armor: Skin              ||    49
Dodge: Dodged            ||    97
